[Event "Gibraltar Masters 18th"]
[Site "Gibraltar"]
[Date "2020.01.28"]
[Round "8.52"]
[White "Cramling, Pia"]
[Black "Nandhidhaa, P V."]
[Result "1/2-1/2"]
[ECO "D38"]
[WhiteElo "2470"]
[BlackElo "2312"]
[PlyCount "124"]
[EventDate "2020.01.21"]
[EventType "swiss"]
[EventRounds "10"]
[EventCountry "GGB"]
[SourceTitle "BritBase"]
[Source "John Saunders"]
[SourceDate "2021.06.05"]
[SourceVersion "1"]
[SourceVersionDate "2021.06.05"]
[SourceQuality "1"]
[TimeControl "40/100:0"]
[WhiteClock "0:11:06"]
[BlackClock "0:52:08"]

1. d4 Nf6 2. c4 e6 3. Nf3 d5 4. Nc3 Bb4 5. Bg5 h6 6. Bxf6 Qxf6 7. e3 O-O 8.
Rc1 Nc6 9. cxd5 exd5 10. a3 Bxc3+ 11. Rxc3 Ne7 12. Bd3 c6 13. Ne5 Bf5 14. Qf3 Qe6 15. O-O Bxd3 16. Nxd3 Nc8 17. Nc5 Qe7 18. Qf5 Nd6 19. Qd7 Rfe8 20. Qxe7 Rxe7 21. Rfc1 Rae8 22. g3 h5 23. h4 g6 24. Kg2 Kg7 25. a4 a6 26. Rb3 Rc7 27. Nd3 Nc4 28.
Rbc3 Rce7 29. b3 Nd6 30. Nf4 Rd8 31. Rb1 Rdd7 32. b4 Rd8 33.
Rbb3 Ree8 34. Rc2 Re7 35. Rc1 Ree8 36. Ne2 Rc8 37. Ra1 Ra8 38. Nc3 Rec8 39. Rab1 Nc4 40. Rd1 Ra7 41. Kf3 Raa8 42. Ke2 Nd6 43. Kd3 Kf8 44. Rdb1 Ra7 45. R3b2 Raa8 46. Ra2 Ra7 47. Raa1 Raa8 48. b5 axb5 49. axb5 Ke7 50. bxc6 bxc6 51. Na4 Rc7 52. Nc5 Rca7 53. Rxa7+ Rxa7 54. Ke2 Ra2+ 55. Kf3 Ne4 56. Rb7+ Ke8 57. Nxe4 dxe4+ 58. Kxe4 Rxf2 59. Ke5 Rf5+ 60. Kd6 Rf6+ 61. Ke5 Rf5+ 62. Ke4 Rf2 1/2-1/2

[Event "Gibraltar Masters 18th"]
[Site "Gibraltar"]
[Date "2020.01.28"]
[Round "8.53"]
[White "Ioannidis, Evgenios"]
[Black "Stefanova, Antoaneta"]
[Result "0-1"]
[ECO "B06"]
[WhiteElo "2373"]
[BlackElo "2469"]
[PlyCount "72"]
[EventDate "2020.01.21"]
[EventType "swiss"]
[EventRounds "10"]
[EventCountry "GGB"]
[SourceTitle "BritBase"]
[Source "John Saunders"]
[SourceDate "2021.06.05"]
[SourceVersion "1"]
[SourceVersionDate "2021.06.05"]
[SourceQuality "1"]
[TimeControl "40/100:0"]
[WhiteClock "0:00:52"]
[BlackClock "0:00:58"]

1. e4 g6 2. d4 Bg7 3. Nf3 a6 4. Bd3 d6 5. h3 c5 6. dxc5 dxc5 7. O-O Qc7 8.
a4 Nc6 9. Re1 e6 10. Na3 Nge7 11. Nc4 O-O 12. e5 Nb4 13. Be4 Rd8 14. Qe2 Bd7 15. Nd6 Bc6 16. Ng5 Rf8 17. c3 Nbd5 18. f4 h6 19. Nf3 Nc8 20.
Nxc8 Raxc8 21. Qf2 Qe7 22. Nd2 b5 23. axb5 axb5 24. Nb3 Ba8 25.
Ra5 c4 26. Nd4 b4 27. Nb5 Rfd8 28. Nd6 Rb8 29. Bd2 bxc3 30. Bxc3 Nxc3 31. bxc3 Bxe4 32. Rxe4 g5 33. Rxc4 gxf4 34. Rxf4 Bxe5 35. Rxe5 Qxd6 36. Rh5 Qd1+ 0-1

[Event "Gibraltar Masters 18th"]
[Site "Gibraltar"]
[Date "2020.01.28"]
[Round "8.54"]
[White "Ravi, Teja S"]
[Black "Plotkin, Victor"]
[Result "1/2-1/2"]
[ECO "D02"]
[WhiteElo "2464"]
[BlackElo "2267"]
[PlyCount "136"]
[EventDate "2020.01.21"]
[EventType "swiss"]
[EventRounds "10"]
[EventCountry "GGB"]
[SourceTitle "BritBase"]
[Source "John Saunders"]
[SourceDate "2021.06.05"]
[SourceVersion "1"]
[SourceVersionDate "2021.06.05"]
[SourceQuality "1"]
[TimeControl "40/100:0"]
[WhiteClock "0:30:49"]
[BlackClock "0:10:09"]

1. d4 d5 2. Nf3 Nf6 3. Bf4 c5 4. e3 Qb6 5. Nc3 Bd7 6. Rb1 e6 7. Be2 Be7 8. Ne5 O-O 9. O-O a6 10. dxc5 Qxc5 11. Qd4 Qxd4 12. exd4 Nc6 13. Be3 Rfc8 14. Nxd7 Nxd7 15. Nd1 Nb6 16. b3 Bf6 17. c3 Nd7 18. a4 Be7 19. Nb2 Nf6 20. Bd3 Na5 21. b4 Nc4 22. Nxc4 dxc4 23. Be2 Nd5 24. Bd2 a5 25. b5 Bd6 26. Bf3 b6 27. Rfe1 Ra7 28.
Kf1 Kf8 29. Ke2 Re7 30. Kd1 Bf4 31. Kc2 Bxd2 32. Kxd2 Rd8 33. Kc2 g6 34. g3 Rc7 35. Re5 Rd6 36. Rbe1 Rc8 37. Bg2 Rc7 38. f4 Nf6 39. Bf3 h5 40. h3 Nd7 41. R5e2 Nf6 42. g4 hxg4 43.
hxg4 Nd5 44. Bxd5 Rxd5 45. Rh1 g5 46. fxg5 Rxg5 47. Rh8+ Rg8 48. Rxg8+ Kxg8 49. Re5 Rc8 50. d5 Rc5 51. Kd2 Kf8 52. Ke3 Ke7 53.
Kd4 Rc8 54. g5 Rh8 55. dxe6 fxe6 56. Kxc4 Rh4+ 57. Kb3 Rg4 58.
Re3 Rxg5 59. Rh3 Kd7 60. Rh7+ Kc8 61. Re7 Re5 62. c4 Re3+ 63. Kc2 Ra3 64. Rxe6 Rxa4 65. Kc3 Ra3+ 66. Kd4 Kc7 67. Re7+ Kc8 68. c5 Rb3 1/2-1/2

[Event "Gibraltar Masters 18th"]
[Site "Gibraltar"]
[Date "2020.01.28"]
[Round "8.55"]
[White "Zhukova, Natalia"]
[Black "Javakhishvili, Lela"]
[Result "1/2-1/2"]
[ECO "A40"]
[WhiteElo "2338"]
[BlackElo "2463"]
[PlyCount "71"]
[EventDate "2020.01.21"]
[EventType "swiss"]
[EventRounds "10"]
[EventCountry "GGB"]
[SourceTitle "BritBase"]
[Source "John Saunders"]
[SourceDate "2021.06.05"]
[SourceVersion "1"]
[SourceVersionDate "2021.06.05"]
[SourceQuality "1"]
[TimeControl "40/100:0"]
[WhiteClock "1:22:30"]
[BlackClock "1:22:08"]

1. d4 e6 2. c4 b6 3. e4 Bb7 4. Bd3 Bb4+ 5. Bd2 Bxd2+ 6. Nxd2 d6 7. f4 e5 8. fxe5 dxe5 9. d5 Nd7 10. Ne2 Ne7 11. O-O O-O 12. Nc3 Nc5 13.
Be2 a5 14. Bg4 Bc8 15. Bxc8 Rxc8 16. Qg4 Ng6 17. b3 c6 18. Kh1 Qd7 19. Qxd7 Nxd7 20. g3 cxd5 21. Nxd5 f6 22. Rad1 Kf7 23. Kg2 Ne7 24. Nb1 Nxd5 25. Rxd5 Nc5 26. Nc3 Rfd8 27. Rfd1 Rxd5 28. Nxd5 Nxe4 29. Nxb6 Rc6 30. Na4 f5 31. Rd7+ Ke6 32. Rxg7 Rd6 33. Rxh7 Rd2+ 34. Kg1 Rd1+ 35. Kg2 Rd2+ 36. Kg1 1/2-1/2

[Event "Gibraltar Masters 18th"]
[Site "Gibraltar"]
[Date "2020.01.28"]
[Round "8.56"]
[White "Kozak, Adam"]
[Black "De Haan, Eric"]
[Result "1-0"]
[ECO "E08"]
[WhiteElo "2523"]
[BlackElo "2308"]
[PlyCount "57"]
[EventDate "2020.01.21"]
[EventType "swiss"]
[EventRounds "10"]
[EventCountry "GGB"]
[SourceTitle "BritBase"]
[Source "John Saunders"]
[SourceDate "2021.06.05"]
[SourceVersion "1"]
[SourceVersionDate "2021.06.05"]
[SourceQuality "1"]
[TimeControl "40/100:0"]
[WhiteClock "0:01:22"]
[BlackClock "0:01:00"]

1. Nf3 d5 2. g3 Nf6 3. Bg2 e6 4. O-O Be7 5. c4 O-O 6. d4 c6 7. Qc2 b6 8. Rd1 Bb7 9. b3 Nbd7 10. Nc3 Rc8 11. e4 c5 12. exd5 exd5 13.
Nh4 cxd4 14. Rxd4 Bc5 15. Rd1 Ng4 16. Rf1 Qf6 17. Bb2 Nde5 18.
Bxd5 Bxd5 19. Nxd5 Qh6 20. Qf5 Rce8 21. Bxe5 Nxe5 22. Rae1 f6 23. Ne3 g6 24. Qe4 Kh8 25. Nf3 Nf7 26. Qd3 Qh3 27. Nd5 Rd8 28. Qc3 Nh6 29. b4 1-0

[Event "Gibraltar Masters 18th"]
[Site "Gibraltar"]
[Date "2020.01.28"]
[Round "8.57"]
[White "Salimova, Nurgyul"]
[Black "Kosteniuk, Alexandra"]
[Result "1-0"]
[ECO "E17"]
[WhiteElo "2372"]
[BlackElo "2504"]
[PlyCount "123"]
[EventDate "2020.01.21"]
[EventType "swiss"]
[EventRounds "10"]
[EventCountry "GGB"]
[SourceTitle "BritBase"]
[Source "John Saunders"]
[SourceDate "2021.06.05"]
[SourceVersion "1"]
[SourceVersionDate "2021.06.05"]
[SourceQuality "1"]
[TimeControl "40/100:0"]

1. d4 Nf6 2. c4 e6 3. Nf3 b6 4. g3 Bb7 5. Bg2 Be7 6. O-O O-O 7. Re1 d5 8.
cxd5 exd5 9. Nc3 c5 10. Bf4 Na6 11. dxc5 bxc5 12. Qb3 Qb6 13. Nh4 Rfd8 14. Nf5 Bf8 15. Qxb6 axb6 16. Bg5 Rd7 17. Bxf6 gxf6 18. Na4 Rb8 19. Nxb6 Rdd8 20. Red1 d4 21. Bxb7 Rxb7 22. Nc4 Nb4 23. f4 Ra8 24. a3 Nd5 25. Rac1 Ra4 26. e3 Nxe3 27. Nfxe3 dxe3 28. Rd3 f5 29. Rxe3 Be7 30. Rc2 Bf6 31. Ne5 Ra6 32. Kf1 Rd6 33.
Ke1 Kg7 34. Ree2 Rb5 35. Red2 Re6 36. Rd5 Reb6 37. Rdd2 Re6 38. Re2 Rd6 39. Rcd2 Bxe5 40. fxe5 Rxd2 41. Rxd2 c4 42. Re2 Rb3 43. Kd1 h5 44. Kc1 h4 45. gxh4 c3 46. bxc3 Rxc3+ 47. Kb2 Rh3 48. a4 Rxh4 49. Kb3 f4 50. a5 Kg6 51. a6 Rh8 52. Kc4 Kf5 53. a7 Ra8 54. Ra2 Ke4 55. Kb5 Kxe5 56. Kb6 f3 57. Kb7 Re8 58. a8=Q Rxa8 59. Kxa8 Kf4 60. Kb7 Ke3 61. h4 f2 62. Rxf2 1-0

[Event "Gibraltar Masters 18th"]
[Site "Gibraltar"]
[Date "2020.01.29"]
[Round "9.1"]
[White "Wang, Hao"]
[Black "Paravyan, David"]
[Result "1/2-1/2"]
[ECO "B31"]
[WhiteElo "2758"]
[BlackElo "2629"]
[PlyCount "76"]
[EventDate "2020.01.21"]
[EventType "swiss"]
[EventRounds "10"]
[EventCountry "GGB"]
[SourceTitle "BritBase"]
[Source "John Saunders"]
[SourceDate "2021.06.05"]
[SourceVersion "1"]
[SourceVersionDate "2021.06.05"]
[SourceQuality "1"]
[TimeControl "40/100:0"]
[WhiteClock "0:02:10"]
[BlackClock "0:01:25"]

1. e4 c5 2. Nf3 Nc6 3. Bb5 g6 4. O-O Bg7 5. c3 Nf6 6. Re1 O-O 7. d4 d5 8. e5 Ne4 9. Bxc6 bxc6 10. Be3 cxd4 11. cxd4 f6 12. Qc2 fxe5 13. Nxe5 c5 14. Nc3 cxd4 15. Bxd4 Bxe5 16. Bxe5 Nxf2 17. h3 Ba6 18. Bd4 Nd3 19. Re6 Bc8 20. Re3 Nb4 21. Qa4 Qd6 22. Nb5 Bd7 23. Nxd6 Bxa4 24. Rxe7 Nc6 25. Rg7+ Kh8 26. Nf7+ Rxf7 27. Rxf7+ Nxd4 28. Re1 Nf5 29. b3 Kg8 30. Rc7 Be8 31. g4 Nd6 32. Ree7 a6 33. Ra7 Rd8 34. Rxa6 Bf7 35. Raa7 Kf8 36. a4 d4 37. Red7 Ke8 38. Re7+ Kf8 1/2-1/2

[Event "Gibraltar Masters 18th"]
[Site "Gibraltar"]
[Date "2020.01.29"]
[Round "9.2"]
[White "Maghsoodloo, Parham"]
[Black "Esipenko, Andrey"]
[Result "1/2-1/2"]
[ECO "C54"]
[WhiteElo "2674"]
[BlackElo "2654"]
[PlyCount "123"]
[EventDate "2020.01.21"]
[EventType "swiss"]
[EventRounds "10"]
[EventCountry "GGB"]
[SourceTitle "BritBase"]
[Source "John Saunders"]
[SourceDate "2021.06.05"]
[SourceVersion "1"]
[SourceVersionDate "2021.06.05"]
[SourceQuality "1"]
[TimeControl "40/100:0"]
[WhiteClock "0:25:49"]
[BlackClock "0:02:28"]

1. e4 e5 2. Nf3 Nc6 3. Bc4 Bc5 4. c3 Nf6 5. d3 O-O 6. O-O d5 7. exd5 Nxd5 8. Nbd2 Nb6 9. Bb3 Qxd3 10. Bc2 Qd8 11. Qe2 Bd6 12. b4 Qe7 13. Re1 f6 14. a4 a5 15. b5 Nd8 16. Nd4 g6 17. f4 Ne6 18.
fxe5 Nf4 19. exd6 Nxe2+ 20. Rxe2 Qd8 21. Bb3+ Kh8 22. Ba3 cxd6 23. Rae1 Bg4 24. Re3 d5 25. h3 Bd7 26. Ne6 Bxe6 27. Rxe6 Qc7 28. R1e3 Rf7 29. Bd6 Qc8 30. Ba3 Nc4 31. Bxc4 dxc4 32. Nf3 Qd7 33. Nd4 Qd5 34. Be7 Qg5 35. Ba3 h5 36. Be7 Kh7 37. Nf3 Qf5 38.
Nd4 Qb1+ 39. Kh2 Re8 40. Bxf6 Rxe6 41. Rxe6 Rxf6 42. Rxf6 Kg7 43. Re6 Qc1 44. Re7+ Kf6 45. Rxb7 Qxc3 46. Rb6+ Kg7 47. Ne6+ Kh6 48. Rc6 Qe5+ 49. Kh1 Qa1+ 50. Kh2 Qxa4 51. Rc8 g5 52. b6 Qb4 53. Nd8 c3 54. b7 c2 55. Rxc2 Qd6+ 56. Kh1 Qd1+ 57. Kh2 Qxd8 58. Rc8 Qd6+ 59. Kh1 Qd1+ 60. Kh2 Qd6+ 61. Kh1 Qd1+ 62. Kh2 1/2-1/2

[Event "Gibraltar Masters 18th"]
[Site "Gibraltar"]
[Date "2020.01.29"]
[Round "9.3"]
[White "Yilmaz, Mustafa"]
[Black "Cheparinov, Ivan"]
[Result "1-0"]
[ECO "A31"]
[WhiteElo "2607"]
[BlackElo "2686"]
[PlyCount "87"]
[EventDate "2020.01.21"]
[EventType "swiss"]
[EventRounds "10"]
[EventCountry "GGB"]
[SourceTitle "BritBase"]
[Source "John Saunders"]
[SourceDate "2021.06.05"]
[SourceVersion "1"]
[SourceVersionDate "2021.06.05"]
[SourceQuality "1"]
[TimeControl "40/100:0"]
[WhiteClock "0:58:41"]
[BlackClock "0:47:08"]

1. Nf3 c5 2. c4 Nc6 3. Nc3 Nf6 4. g3 g6 5. Bg2 d6 6. d4 cxd4 7. Nxd4 Bd7 8. b3 Bg7 9. Bb2 h5 10. O-O h4 11. Nd5 Ne5 12. Nxf6+ Bxf6 13. Bxb7 Rb8 14. Bd5 e6 15. Bg2 Nxc4 16. Nc6 Nxb2 17. Qxd6 Rb6 18. Rac1 Rh5 19. Rc2 h3 20. Bf3 Rd5 21. Qxd5 Rxc6 22. Qd2 Rxc2 23. Qxc2 Qa5 24. a4 Qb4 25. Rc1 Bd4 26. e3 Be5 27. Bc6 Bxc6 28. Qxc6+ Ke7 29. Qc5+ Qxc5 30. Rxc5 Nd3 31. Ra5 Bb8 32. Rb5 Bc7 33. Rb7 Kd7 34. Rxa7 Nb4 35. Ra8 Nc6 36. Rf8 Ke7 37. Rc8 Kd7 38. Rf8 Ke7 39. Rh8 Bd6 40. Rxh3 Na5 41. Rh8 Nxb3 42. h4 Be5 43. Ra8 Bc3 44. Rc8 1-0

[Event "Gibraltar Masters 18th"]
[Site "Gibraltar"]
[Date "2020.01.29"]
[Round "9.4"]
[White "Praggnanandhaa, Rameshbabu"]
[Black "Kobalia, Mikhail"]
[Result "1/2-1/2"]
[ECO "A07"]
[WhiteElo "2602"]
[BlackElo "2609"]
[PlyCount "66"]
[EventDate "2020.01.21"]
[EventType "swiss"]
[EventRounds "10"]
[EventCountry "GGB"]
[SourceTitle "BritBase"]
[Source "John Saunders"]
[SourceDate "2021.06.05"]
[SourceVersion "1"]
[SourceVersionDate "2021.06.05"]
[SourceQuality "1"]
[TimeControl "40/100:0"]
[WhiteClock "0:09:00"]
[BlackClock "0:07:45"]

1. Nf3 d5 2. g3 Bg4 3. Bg2 c6 4. O-O Nd7 5. h3 Bh5 6. d3 Ngf6 7. Qe1 e5 8. e4 Be7 9. exd5 Bxf3 10. Bxf3 Nxd5 11. Nd2 O-O 12. Nc4 Qc7 13. Bd2 Rae8 14. b4 f5 15. Rb1 Bf6 16. Rb3 e4 17. dxe4 fxe4 18. Bxe4 b5 19. Na5 Bd4 20. Bxd5+ cxd5 21. Qd1 Nf6 22. Bf4 Be5 23. Bg5 Qd7 24. Bxf6 Bxf6 25. Rd3 Qxh3 26. Rxd5 Be5 27. Qd3 Bc7 28. Nb3 Rxf2 29. Rxf2 Re1+ 30. Rf1 Rxf1+ 31. Qxf1 Qxg3+ 32. Qg2 Qe1+ 33. Qf1 Qg3+ 1/2-1/2

[Event "Gibraltar Masters 18th"]
[Site "Gibraltar"]
[Date "2020.01.29"]
[Round "9.5"]
[White "Yuffa, Daniil"]
[Black "Alekseenko, Kirill"]
[Result "1/2-1/2"]
[ECO "B51"]
[WhiteElo "2566"]
[BlackElo "2704"]
[PlyCount "27"]
[EventDate "2020.01.21"]
[EventType "swiss"]
[EventRounds "10"]
[EventCountry "GGB"]
[SourceTitle "BritBase"]
[Source "John Saunders"]
[SourceDate "2021.06.05"]
[SourceVersion "1"]
[SourceVersionDate "2021.06.05"]
[SourceQuality "1"]
[TimeControl "40/100:0"]
[WhiteClock "1:37:25"]
[BlackClock "1:35:45"]

1. e4 c5 2. Nf3 d6 3. Bb5+ Nd7 4. d4 cxd4 5. Qxd4 a6 6. Bxd7+ Bxd7 7. c4 e5 8. Qd3 b5 9. Nc3 bxc4 10. Qxc4 Be6 11. Qc6+ Bd7 12. Qc4 Be6 13. Qc6+ Bd7 14. Qc4 1/2-1/2

[Event "Gibraltar Masters 18th"]
[Site "Gibraltar"]
[Date "2020.01.29"]
[Round "9.6"]
[White "Vachier-Lagrave, Maxime"]
[Black "Can, Emre"]
[Result "1-0"]
[ECO "B51"]
[WhiteElo "2770"]
[BlackElo "2600"]
[PlyCount "115"]
[EventDate "2020.01.21"]
[EventType "swiss"]
[EventRounds "10"]
[EventCountry "GGB"]
[SourceTitle "BritBase"]
[Source "John Saunders"]
[SourceDate "2021.06.05"]
[SourceVersion "1"]
[SourceVersionDate "2021.06.05"]
[SourceQuality "1"]
[TimeControl "40/100:0"]
[WhiteClock "1:20:10"]
[BlackClock "0:17:00"]

1. e4 c5 2. Nf3 d6 3. Bb5+ Nd7 4. a4 Ngf6 5. Nc3 a6 6. Be2 b6 7. d4 cxd4 8. Qxd4 Bb7 9. O-O e6 10. Nd2 d5 11. exd5 Bc5 12. Qh4 Nxd5 13.
Qxd8+ Rxd8 14. Nxd5 exd5 15. Nb3 O-O 16. Bf4 Rfe8 17. Rfe1 Nf8 18. a5 Ne6 19. axb6 Bxb6 20. Bd2 Nd4 21. Nxd4 Bxd4 22. Bd3 Re6 23. Ra4 Bf6 24. Rb4 Bc8 25. Ra1 g6 26. Kf1 Rc6 27. Ke2 Be7 28.
Rba4 Bf6 29. R1a2 Rdd6 30. Kd1 Rb6 31. b3 Kg7 32. g4 h6 33. h3 Rbc6 34. Bf4 Re6 35. Be3 Be5 36. Bd4 f6 37. Rb4 Bd6 38. Rb6 Rxb6 39. Bxb6 Be5 40. Be3 d4 41. Bd2 Bb7 42. f4 Bc7 43. Ra4 Rd6 44. h4 Bc8 45. f5 Bd7 46. Rb4 Bb6 47. Bf4 a5 48. Bxd6 axb4 49. Bxb4 h5 50. gxh5 gxf5 51. Bd6 Kh6 52. Be2 Bc6 53. b4 Be4 54. Bf4+ Kh7 55. Kc1 Bd8 56. Kb2 Be7 57. Kb3 Bf8 58. Bd3 1-0

[Event "Gibraltar Masters 18th"]
[Site "Gibraltar"]
[Date "2020.01.29"]
[Round "9.8"]
[White "Pichot, Alan"]
[Black "Navara, David"]
[Result "0-1"]
[ECO "B81"]
[WhiteElo "2606"]
[BlackElo "2717"]
[PlyCount "74"]
[EventDate "2020.01.21"]
[EventType "swiss"]
[EventRounds "10"]
[EventCountry "GGB"]
[SourceTitle "BritBase"]
[Source "John Saunders"]
[SourceDate "2021.06.05"]
[SourceVersion "1"]
[SourceVersionDate "2021.06.05"]
[SourceQuality "1"]
[TimeControl "40/100:0"]
[WhiteClock "0:17:26"]
[BlackClock "0:32:37"]

1. e4 c5 2. Nf3 d6 3. d4 cxd4 4. Nxd4 Nf6 5. Nc3 a6 6. h3 e6 7. g4 Be7 8. g5 Nfd7 9. h4 b5 10. a3 Bb7 11. Be3 Nc6 12. Qd2 Rc8 13.
Rh3 b4 14. axb4 Nxb4 15. Nb1 a5 16. c3 Nc6 17. Nb5 d5 18.
exd5 exd5 19. Qxd5 O-O 20. Na7 Nxa7 21. Qxb7 Bc5 22. Bxc5 Nxc5 23. Qxa7 Re8+ 24. Re3 Rxe3+ 25. fxe3 Qe8 26. Kf2 Ne4+ 27. Kf3 f5 28. gxf6 Qh5+ 29. Kxe4 Qg4+ 30. Ke5 Re8+ 31. Qe7 gxf6+ 32. Kd6 Qd1+ 33. Ke6 Rxe7+ 34. Kxe7 Qxf1 35. b4 axb4 36.
cxb4 Qd3 37. Ra8+ Kg7 0-1

[Event "Gibraltar Masters 18th"]
[Site "Gibraltar"]
[Date "2020.01.29"]
[Round "9.9"]
[White "Le, Quang Liem"]
[Black "Santos Latasa, Jaime"]
[Result "1-0"]
[ECO "B90"]
[WhiteElo "2713"]
[BlackElo "2586"]
[PlyCount "55"]
[EventDate "2020.01.21"]
[EventType "swiss"]
[EventRounds "10"]
[EventCountry "GGB"]
[SourceTitle "BritBase"]
[Source "John Saunders"]
[SourceDate "2021.06.05"]
[SourceVersion "1"]
[SourceVersionDate "2021.06.05"]
[SourceQuality "1"]
[TimeControl "40/100:0"]
[WhiteClock "0:55:14"]
[BlackClock "0:39:21"]

1. e4 c5 2. Nf3 d6 3. d4 cxd4 4. Nxd4 Nf6 5. Nc3 a6 6. h3 e5 7. Nb3 Be7 8. g4 Be6 9. g5 Nfd7 10. h4 b5 11. f4 exf4 12. Bxf4 Nc6 13.
Qd2 Nce5 14. O-O-O O-O 15. Nd4 Nc5 16. Nf5 Bxf5 17. exf5 Re8 18. Nd5 Bf8 19. h5 Ncd7 20. h6 g6 21. Bh3 Kh8 22. Rhe1 Rc8 23.
Qf2 Rc5 24. fxg6 fxg6 25. Bxd7 Nxd7 26. Be3 Rc4 27. Bd4+ Ne5 28. Nf6 1-0

[Event "Gibraltar Masters 18th"]
[Site "Gibraltar"]
[Date "2020.01.29"]
[Round "9.10"]
[White "Kadric, Denis"]
[Black "Matlakov, Maxim"]
[Result "1-0"]
[ECO "B23"]
[WhiteElo "2585"]
[BlackElo "2698"]
[PlyCount "49"]
[EventDate "2020.01.21"]
[EventType "swiss"]
[EventRounds "10"]
[EventCountry "GGB"]
[SourceTitle "BritBase"]
[Source "John Saunders"]
[SourceDate "2021.06.05"]
[SourceVersion "1"]
[SourceVersionDate "2021.06.05"]
[SourceQuality "1"]
[TimeControl "40/100:0"]
[WhiteClock "0:23:10"]
[BlackClock "0:09:23"]

1. e4 c5 2. Nc3 d6 3. f4 g6 4. Nf3 Bg7 5. Bb5+ Bd7 6. Bc4 Nc6 7. O-O e6 8. f5 Nf6 9. d3 exf5 10. Bf4 O-O 11. Bxd6 Re8 12. Ng5 Be6 13. exf5 gxf5 14. Nxe6 fxe6 15. Bxc5 Nd4 16. h3 Nd7 17. Bxd4 Bxd4+ 18. Kh1 Ne5 19. Bb3 Kh8 20. Qh5 a6 21. Rae1 Qd6 22. Ne2 Be3 23. Qh4 Nd7 24. Nf4 Bxf4 25. Rxf4 1-0

[Event "Gibraltar Masters 18th"]
[Site "Gibraltar"]
[Date "2020.01.29"]
[Round "9.12"]
[White "Jones, Gawain C B"]
[Black "Li, Di"]
[Result "1-0"]
[ECO "C43"]
[WhiteElo "2679"]
[BlackElo "2562"]
[PlyCount "85"]
[EventDate "2020.01.21"]
[EventType "swiss"]
[EventRounds "10"]
[EventCountry "GGB"]
[SourceTitle "BritBase"]
[Source "John Saunders"]
[SourceDate "2021.06.05"]
[SourceVersion "1"]
[SourceVersionDate "2021.06.05"]
[SourceQuality "1"]
[TimeControl "40/100:0"]
[WhiteClock "0:44:29"]
[BlackClock "0:58:06"]

1. e4 e5 2. Nf3 Nf6 3. d4 Nxe4 4. Bd3 d5 5. Nxe5 Nd7 6.
Nc3 Nxe5 7. dxe5 Bb4 8. O-O Nxc3 9. bxc3 Bxc3 10. Rb1 O-O 11.
Bxh7+ Kxh7 12. Qd3+ Kg8 13. Qxc3 b6 14. Qg3 Qd7 15. h3 Qf5 16.
Bg5 Qg6 17. Rb3 Re8 18. f4 Bf5 19. Qf2 Qc6 20. Rg3 Qxc2 21.
Qf3 Qe4 22. Qd1 Re6 23. Bf6 g6 24. Rc3 c5 25. g4 d4 26.
Rcf3 Rxf6 27. exf6 Bc8 28. f5 Bb7 29. fxg6 c4 30. Qc1 d3 31.
gxf7+ Kxf7 32. Qg5 Rg8 33. Qh5+ Rg6 34. Qh7+ Kf8 35. Qe7+ Qxe7 36. fxe7+ Kxe7 37. Rf7+ Kd6 38. Rxb7 d2 39.
Rbf7 Kc5 40. Kf2 Re6 41. Rc7+ Kb4 42. Rb1+ Kc3 43. Rb3+ 1-0

[Event "Gibraltar Masters 18th"]
[Site "Gibraltar"]
[Date "2020.01.29"]
[Round "9.13"]
[White "Saric, Ivan"]
[Black "Ibarra Jerez, Jose Carlos"]
[Result "1-0"]
[ECO "B45"]
[WhiteElo "2655"]
[BlackElo "2548"]
[PlyCount "113"]
[EventDate "2020.01.21"]
[EventType "swiss"]
[EventRounds "10"]
[EventCountry "GGB"]
[SourceTitle "BritBase"]
[Source "John Saunders"]
[SourceDate "2021.06.05"]
[SourceVersion "1"]
[SourceVersionDate "2021.06.05"]
[SourceQuality "1"]
[TimeControl "40/100:0"]
[WhiteClock "0:22:49"]
[BlackClock "0:01:39"]

1. e4 c5 2. Nf3 e6 3. d4 cxd4 4. Nxd4 Nf6 5. Nc3 Nc6 6. Nxc6 bxc6 7. e5 Nd5 8. Ne4 Qc7 9. f4 Qb6 10. c4 Bb4+ 11. Ke2 f5 12. Nf2 Ba6 13.
Kf3 Ne7 14. Be3 Bc5 15. Bxc5 Qxc5 16. Qd6 Qb6 17. b3 c5 18. Be2 Bb7+ 19. Kg3 Qxd6 20. exd6 Ng8 21. a3 Nf6 22. b4 Kf7 23. b5 Rhg8 24. h4 h6 25. Bf3 Bxf3 26. Kxf3 Rgb8 27. a4 a6 28. Rhd1 h5 29. Ke2 Ra7 30. Kd3 Rb6 31. Kc3 Rb8 32. Kb2 Kf8 33. Ra3 Kf7 34. Nh3 Ng4 35. Ng5+ Ke8 36. Rd2 Kf8 37. Ka2 Raa8 38. Kb2 Ra7 39. g3 Nf6 40. Rdd3 Ke8 41. Rab3 axb5 42. Rxb5 Rba8 43. Rdb3 Kf8 44. Rb8+ Ne8 45. Kc3 Rxa4 46. Nxe6+ Kf7 47. Nxc5 Rxb8 48. Rxb8 Ra3+ 49. Kb4 Ra1 50. Rd8 Ra7 51. Rxd7+ Rxd7 52. Nxd7 Ke6 53. Nf8+ Kxd6 54. Kb5 Nf6 55. c5+ Ke7 56. Ng6+ Kd8 57. Kb6 1-0

[Event "Gibraltar Masters 18th"]
[Site "Gibraltar"]
[Date "2020.01.29"]
[Round "9.14"]
[White "Adhiban, Baskaran"]
[Black "Maze, Sebastien"]
[Result "1-0"]
[ECO "E62"]
[WhiteElo "2654"]
[BlackElo "2550"]
[PlyCount "175"]
[EventDate "2020.01.21"]
[EventType "swiss"]
[EventRounds "10"]
[EventCountry "GGB"]
[SourceTitle "BritBase"]
[Source "John Saunders"]
[SourceDate "2021.06.05"]
[SourceVersion "1"]
[SourceVersionDate "2021.06.05"]
[SourceQuality "1"]
[TimeControl "40/100:0"]
[WhiteClock "0:04:23"]
[BlackClock "0:00:57"]

1. d4 Nf6 2. c4 d6 3. Nf3 g6 4. g3 Bg7 5. Bg2 O-O 6. Nc3 c6 7. O-O Qa5 8. e4 Qh5 9. e5 dxe5 10. Nxe5 Qxd1 11. Rxd1 Ng4 12. Nf3 Na6 13. h3 Nf6 14. Bf4 h6 15. Be5 Rd8 16. Rd2 Bd7 17. Rad1 Be8 18. Ne1 Nb8 19. g4 Nbd7 20. Bc7 Rdc8 21. Bg3 Nb6 22. b3 a5 23. Nd3 Nfd7 24. Ne2 Ra7 25. a4 Na8 26. f4 Nc7 27. Bf2 Na6 28. Ng3 Raa8 29. Re2 Bf8 30.
f5 g5 31. Bf3 Nf6 32. Kg2 Rd8 33. Red2 Bg7 34. Ne2 Bd7 35. d5 cxd5 36. cxd5 Ne8 37. Bb6 Rdc8 38. Bxa5 Nd6 39. Bb6 Bf6 40. Rb1 Kg7 41. Ng3 Kf8 42. Nh5 Bc3 43. Re2 Be8 44. h4 f6 45. hxg5 hxg5 46. Ng3 Bf7 47.
Rc2 Bb4 48. Rxc8+ Rxc8 49. Ne2 Rc2 50. Rb2 Rxb2 51. Nxb2 Nc8 52. Bd4 Nc7 53. Nd3 Nxd5 54. Nxb4 Nxb4 55. Bxb7 Nd6 56. Ba8 Bxb3 57. Bc5 Nxf5 58. gxf5 Nd3 59. Ba3 Bxa4 60. Kg3 Nf4 61. Nd4 Bd7 62. Bf3 Ke8 63. Bg4 Kf7 64. Bd1 Ke8 65. Bb3 Nh5+ 66. Kf3 Ng7 67. Kg4 Bc8 68. Bg8 Bd7 69. Ne6 Nxe6 70. fxe6 Bc8 71. Bf7+ Kf8 72. Bb4 Ba6 73. Bg6 Bc4 74. Bf5 Bd5 75. Kg3 Ke8 76. Ba5 Kf8 77. Kf2 Bb3 78. Ke3 Bd1 79. Bb6 Ke8 80. Bc7 Bb3 81. Kd4 Bd1 82. Kc5 Bb3 83. Kc6 Ba4+ 84. Kb7 Bd1 85. Kc8 Ba4 86. Bb6 Bd1 87. Bc5 g4 88. Bf2 1-0